 Dungeon Crawl Stone Soup version 0.14-a0-20-g2c5e915 (console) character file.

2200244 jeanjacques the Phalangite (level 25, 181/181 HPs)
             Began as a Gargoyle Artificer on Sept 25, 2013.
             Was the Champion of Jiyva.
             Escaped with the Orb
             ... and 3 runes!
             The game lasted 03:18:28 (39762 turns).

jeanjacques the Phalangite (Gargoyle Artificer)    Turns: 39762, Time: 03:18:28

HP 181/181       AC 51     Str 25      XL: 25   Next: 40%
MP  11/11        EV 19     Int 15 (16) God: Jiyva [******]
Gold 1425        SH  0     Dex 12      Spells:  6 memorised,  8 levels left

Res.Fire  : + + .   See Invis. : +   w - +10,+6 bardiche "Xuppo" {antimagic, rPois}
Res.Cold  : + . .   Warding    : .   v - +7 chain mail of the Ancient Hells {rC+ In Life Prot.: + . . Conserve : . (no shield)
Res.Poison: +       Res.Corr.  : +   m - +2 helmet {!d}
Res.Elec. : +       Clarity    : .   g - +3 cloak of Flash {+Fly EV+4}
Sust.Abil.: . .     Spirit.Shd : .   M - +2 pair of gloves
Res.Mut.  : +       Stasis     : .   u - +2 pair of boots of the Rabble {Str+4 Dam+ Res.Rott. : + Flight : + q - amulet of resist mutation Saprovore : . . . H - ring of Imaoh {+Fly rF++ Acc-2 Dam+4} B - +6,+5 ring of slaying

@: flying, very resistant to hostile enchantments, extremely unstealthy
A: large and strong wings, fangs 1, talons 2, magic resistance 1, life
protection 1, sense surroundings 1, +10% hp, electricity resistance, slow
metabolism 1, unbreathing, pseudopods 1, tendrils, absorbing missiles,
petrification resistance, AC +21, EV +4, Str -2
a: Stop Flying, Request Jelly, Jelly Paralyse, Slimify, Cure Bad Mutation,
Renounce Religion
}: 3/15 runes: slimy, silver, abyssal


You escaped.
You worshipped Jiyva.
Jiyva was exalted by your worship.
You were completely stuffed.

You visited 8 branches of the dungeon, and saw 58 of its levels.
You visited the Abyss 1 time.

You collected 3807 gold pieces.
You spent 2137 gold pieces at shops.

Inventory:

Hand weapons
 a - a +6,+7 dire flail of electrocution
 b - the +9,+9 morningstar "Vouwnu" {vamp, -Tele rElec rPois rC+ MR++ Dex-2}
   (You found it on level 5 of the Vaults)

   It inflicts no extra harm, but heals its wielder somewhat when it strikes a
   living foe.
   It affects your dexterity (-2).
   It protects you from cold.
   It insulates you from electricity.
   It protects you from poison.
   It affects your resistance to hostile enchantments.
   It prevents most forms of teleportation.
 w - the +10,+6 bardiche "Xuppo" (weapon) {antimagic, rPois}
   (You found it on level 8 of the Lair of Beasts)

   It disrupts the flow of magical energy around spellcasters and certain
   magical creatures (including the wielder).
   It protects you from poison.
Armour
 g - the +3 cloak of Flash (worn) {+Fly EV+4}
   (You drew the Genie on level 2 of the Pits of Slime)

   It affects your evasion (+4).
   It lets you fly.
 m - a +2 helmet (worn) {!d}
 u - the +2 pair of boots of the Rabble (worn) {Str+4 Dam+3}
   (You bought it in a shop on level 5 of the Vaults)

   It affects your strength (+4).
   It affects your damage-dealing abilities (+3).
 v - the +7 chain mail of the Ancient Hells (worn) {rC+ Int+1 Acc-1 SInv}
   (You found it on level 5 of the Vaults)

   It affects your intelligence (+1).
   It affects your accuracy (-1).
   It protects you from cold.
   It enhances your eyesight.
 M - a +2 pair of gloves (worn)
Magical devices
 l - a wand of heal wounds (8)
 n - a wand of hasting (3)
 z - a wand of digging (2)
 A - a wand of teleportation (6)
 S - a wand of disintegration (1)
 U - a wand of fire (7)
Comestibles
 t - 6 bread rations
 J - a meat ration
 T - 3 pieces of ambrosia
Scrolls
 e - a scroll of silence
 f - 3 scrolls of blinking
 i - a scroll of teleportation
 j - 2 scrolls of identify
 C - a scroll of fear
 I - 6 scrolls of remove curse
 Q - a scroll of fog
 R - 2 scrolls of vulnerability
 W - a scroll of torment {!r}
Jewellery
 c - the ring of Robustness {AC+8}
   (You took it off a green draconian on level 24 of the Dungeon)

   [ring of protection]

   It affects your AC (+8).
 q - an amulet of resist mutation (around neck)
 r - an uncursed ring of teleport control
 B - a +6,+5 ring of slaying (left hand)
 H - the ring of Imaoh (right hand) {+Fly rF++ Acc-2 Dam+4}
   (You found it on level 6 of the Pits of Slime)

   [ring of flight]

   It affects your accuracy (-2).
   It affects your damage-dealing abilities (+4).
   It greatly protects you from fire.
 X - the ring "Durym" {+/*Tele rElec Dam+2}
   (You found it on level 6 of the Pits of Slime)

   [ring of teleportation]

   It affects your damage-dealing abilities (+2).
   It insulates you from electricity.
Potions
 k - 2 potions of heal wounds
 o - 7 potions of curing
 s - a potion of berserk rage
 D - 2 potions of agility
 K - a potion of cure mutation
 O - a potion of might
 Y - a potion of restore abilities
Orbs of Power
 y - the Orb of Zot
Miscellaneous
 d - a lamp of fire
 h - a phial of floods
 x - a fan of gales
 E - a stone of tremors
 F - a sack of spiders
 G - a phial of floods
 L - a lamp of fire
 P - a disc of storms
Rods
 p - a -2 rod of frigid destruction (10/10) {!a}
   (You found it on level 1 of the Elven Halls)


   Skills:
 + Level 19.0 Fighting
   Level 0.8 Short Blades
   Level 2.0 Axes
 - Level 14.0 Maces & Flails
 * Level 25.7 Polearms
 - Level 11.0 Armour
 - Level 12.0 Dodging
 - Level 3.0 Stealth
   Level 4.5 Hexes
 - Level 3.7 Ice Magic
   Level 5.0 Poison Magic
 - Level 2.9 Invocations
 - Level 11.0 Evocations


You had 8 spell levels left.
You knew the following spells:

 Your Spells              Type           Power        Failure   Level  Hunger
a - Ozocubu's Refrigerat  Ice            ##........   100%        6    #######
b - Blink                 Tloc           N/A          98%         2    ###....
c - Shroud of Golubria    Chrm/Tloc      #.........   98%         2    ###....
m - Repel Missiles        Chrm/Air       #.........   98%         2    ###....
r - Regeneration          Chrm/Necr      #.........   100%        3    ####...
z - Apportation           Tloc           #.........   90%         1    ##.....


Dungeon Overview and Level Annotations

Branches:
Dungeon (27/27)            Temple (0/1) D:5             Orc (4/4) D:8
    Elf (2/3) Orc:4          Lair (8/8) D:11         Shoals (0/5) Lair:6
  Snake (0/5) Lair:5        Slime (6/6) Lair:6       Vaults (5/5) D:19
    Tar (0/7) Hell            Zot (5/5) D:27
  Blade: Vaults:3-4   Crypt: Vaults:2-3     Dis: Hell:1         Geh: Hell:1
    Coc: Hell:1      Forest: Vaults:2-3

Altars:
Ashenzari
Cheibriados
Elyvilon
Fedhas
Kikubaaqudgha
Makhleb
Nemelex Xobeh
Xom
Yredelemnul
Zin
the Shining One
Jiyva

Shops:
D:9 ?   Orc:1 *%((   Orc:4 [?+*[   Vaults:5 [

Portals:
Hell: D:21 D:22 D:23 D:24 D:25 D:26 D:27
Abyss: D:21 D:22 D:24
Pandemonium: D:21 D:24
Ziggurat: D:5 (4340 gp)
Trove: D:27 (give +4 ice dragon armour)
Wizlab: Elf:2

Annotations:
D:11 exclusion: upstairs
D:14 exclusion: downstairs
D:18 exclusion: orange crystal statue
D:19 exclusion: upstairs
D:23 Sojobo
Lair:8 exclusion: orange crystal statue
Slime:6 Royal Jelly
Hell exclusion: ice statue


Innate Abilities, Weirdness & Mutations

You are resistant to torment.
You are immune to poison.
You can fly continuously.
Your stone body is very resilient (AC +19).
Your wings are large and strong.
You have very sharp teeth.
You have razor-sharp toenails.
You resist negative energy.
You are resistant to electric shocks.
You have a slow metabolism.
You can survive without breathing.
You are immune to petrification.
You are surrounded by a mild repulsion field (EV +2).
You are resistant to hostile enchantments.
You passively map a small area around you.
You are robust (+10% HP).
You are weak. (Str -2)
Your gelatinous body deflects attacks (AC +2, EV +2).
Armour fits poorly on your pseudopods.
Thin tendrils of slime have grown from your body.
You have a small jelly attached to you that may absorb incoming projectiles.


Message History

You fly upwards.
You sense a powerful magical force warping space.
There is a stone staircase leading down here.
There is an open door here.
An Orb Guardian comes into view.
Attack whom?
Aim: an Orb Guardian You reach to attack!
You slice the Orb Guardian!!
The Orb Guardian is moderately wounded.
You slice the Orb Guardian like a ripe choko!!!
You bite the Orb Guardian.
You kill the Orb Guardian!
You reach down and open the door.
An orange demon comes into view.
The orange demon screeches!
There is an open door here.
The orange demon stings you but does no damage.
The orange demon misses you.
You barely miss the orange demon.
The orange demon stings you but does no damage.
The orange demon completely misses you.
You slice the orange demon!! You bite the orange demon.
The orange demon is severely wounded.
The orange demon misses you.
The orange demon hits you but does no damage.
You slice the orange demon!!
You kill the orange demon!
There is a stone staircase leading up here.
You fly upwards.
You sense a powerful magical force warping space.
There is a stone staircase leading down here.
Things that are here:
a dagger; a goblin skeleton You see here a dwarven dagger.
You see here a dart.
A rotting devil comes into view.
A rotting devil is nearby!
A rotting devil is nearby!
There is a staircase leading out of the dungeon here.
You have escaped!

, ,*##.## *
##...## * #.....#
##...##* * ##.####
* *##'##.## ,
##.##...## #### ,
#.##.....## ...#
##'...9...+ ##.#
###.....## ##.##
####...## * ....#
..##.## , ##..##
#.#.# , ##...#
#...# * ** ,
...#.#
#...###.##...
####.#
#..4.......# *
.....#
######..0###.#..##
*


You could see a rotting devil.

Vanquished Creatures
  7 orbs of fire (Zot:5)
  2 ancient liches (Zot:5)
  Saint Roka (D:26)
  3 Killer Klowns (Zot:5)
  Margery (D:23)
  Geryon (Hell)
  9 golden dragons
  A curse toe (Zot:5)
  2 electric golems (Zot:5)
  A hellephant (Hell)
  9 tentacled monstrosities
  21 Orb Guardians
  2 liches
  A quicksilver dragon (D:24)
  2 titans
  An acid blob (Slime:2)
  A sphinx (Vaults:5)
  An azure jelly (Slime:6)
  10 storm dragons
  2 Executioners
  7 tengu reavers
  11 shadow dragons
  A draconian monk (D:24)
  2 fire giants (D:26)
  A draconian knight (D:27)
  A draconian scorcher (D:27)
  A frost giant (Vaults:4)
  An iron dragon (D:24)
  A ghost moth (Zot:3)
  11 vault wardens
  An orc warlord (D:24)
  An angel (Abyss:4)
  2 cacodemons
  2 draconian annihilators
  29 stone giants
  A reaper (Abyss:3)
  A draconian caller (D:27)
  2 lorocyprocas
  4 green draconians
  A white draconian (D:27)
  A red draconian (D:27)
  2 mottled draconians (D:27)
  Azrael (D:15)
  2 dire elephants
  2 purple draconians
  2 spriggan air magi (D:24)
  9 ettins
  A deep elf death mage (Vaults:2)
  A minotaur (D:24)
  29 vault guards
  3 ironheart preservers
  6 dragons
  27 yaktaur captains
  Fannar (D:15)
  A ravenous item mimic (Lair:8)
  Harold (Orc:3)
  11 death cobs
  2 anacondas (D:24)
  9 hydras
  2 ice dragons
  A dancing weapon (D:24)
  7 deep troll earth magi
  An alligator (Abyss:4)
  3 deep troll shamans
  A deep dwarf death knight (Abyss:3)
  9 ogre magi
  3 rakshasas
  3 orc high priests
  3 death yaks
  3 wretched stars
  17 centaur warriors
  A vampire mage (D:24)
  3 thrashing horrors
  6 very ugly things
  Urug (D:15)
  6 hell hogs (Hell)
  4 deep elf knights
  3 iron trolls
  3 catoblepae
  A skeletal warrior (D:24)
  7 large abominations
  A titan skeleton (Vaults:4)
  2 sea snakes (D:24)
  4 soul eaters
  6 ice devils
  2 death drakes
  A spatial maelstrom (Abyss:3)
  6 hill giants
  16 hell knights
  17 deep trolls
  2 swamp dragons
  A golden dragon skeleton (Vaults:5)
  19 orc knights
  6 ironbrand convokers
  A giant amoeba (Slime:6)
  A giant orange brain (D:14)
  6 necromancers
  A faun (shapeshifter) (D:24)
  18 starcursed masses
  4 flayed ghosts
  2 flaming corpses
  12 harpies
  Joseph (Orc:4)
  6 unseen horrors
  5 orc sorcerers
  8 griffons
  A lindwurm (D:24)
  A wolf spider zombie (D:19)
  3 deep elf conjurers
  A shadow dragon skeleton (Vaults:4)
  6 wolf spiders
  2 wizards (D:24)
  7 moths of wrath
  A hellion (Zot:5)
  A phantasmal warrior (Vaults:5)
  2 stone giant zombies
  8 cyclopes
  A wolf spider (shapeshifter) (Vaults:5)
  4 fire giant skeletons
  4 elephants
  2 sphinx skeletons
  A frost giant skeleton (Vaults:5)
  4 spiny worms
  2 guardian serpents
  Maurice (Orc:4)
  6 black mambas
  A sixfirhy (Hell)
  6 stone giant skeletons
  9 orange demons
  A black mamba (shapeshifter) (Vaults:4)
  8 red wasps
  An apocalypse crab (Abyss:4)
  A deep elf summoner (Elf:1)
  A queen ant (Lair:8)
  A spiny frog (Lair:8)
  6 vault sentinels
  8 smoke demons
  A mermaid (shapeshifter) (D:18)
  A feature mimic (D:13)
  2 vapours
  An anaconda simulacrum (D:24)
  A fire drake (shapeshifter) (D:22)
  32 yaktaurs
  An efreet (Abyss:3)
  2 deep elf priests
  A redback zombie (Hell)
  3 blue devils
  5 ancient zymes
  3 red devils
  A giant firefly (D:24)
  13 hellwings
  A wind drake (shapeshifter) (Vaults:5)
  2 spriggans
  4 iron devils
  A purple draconian skeleton (Abyss:3)
  4 fire drakes
  A polar bear (D:24)
  11 trolls
  2 trolls (shapeshifter)
  Sonja (D:16)
  A spriggan (shapeshifter) (D:17)
  A slime creature (shapeshifter) (D:24)
  8 komodo dragons
  23 slime creatures
  An ettin zombie (D:22)
  5 boulder beetles
  14 two-headed ogres
  A brown ooze (Slime:2)
  A frost giant simulacrum (D:18)
  A flying skull (Abyss:3)
  6 blink frogs
  2 air elementals
  A trapdoor spider (shapeshifter) (Vaults:5)
  3 wyverns
  5 ynoxinuls
  5 basilisks
  78 ugly things
  5 vampires
  2 redbacks (shapeshifter)
  3 hill giant zombies
  A water elemental (D:10)
  3 griffon skeletons
  2 ettin skeletons
  A stone giant simulacrum (Vaults:5)
  8 redbacks
  4 deep elf magi
  2 shadows
  27 yaks
  7 wraiths
  7 deep elf fighters
  14 vampire mosquitoes
  5 fire elementals
  A necrophage (D:11)
  8 hell beasts
  3 hungry ghosts
  6 neqoxecs
  A manticore (shapeshifter) (D:17)
  8 soldier ants
  Edmund (D:9)
  10 hell hounds
  4 hill giant skeletons
  5 wolves
  10 small abominations
  6 sky beasts
  An orange crystal statue (D:16)
  8 hippogriffs
  8 freezing wraiths
  A rock worm (D:24)
  46 orc warriors
  3 sharks
  2 manticores
  7 porcupines
  2 kobold demonologists
  A black bear (shapeshifter) (Vaults:5)
  2 ice beasts
  A naga (D:19)
  A black bear (D:11)
  An orc zombie (D:24)
  4 phantoms
  A rotting devil (D:24)
  Grum (D:8)
  2 giant goldfish
  2 boring beetles
  A vampire mosquito zombie (Hell)
  Duvessa (D:9)
  39 ogres
  A brain worm (Abyss:3)
  11 crocodiles
  53 centaurs
  3 wargs
  6 big kobolds
  A komodo dragon zombie (D:15)
  A hell hound zombie (Abyss:3)
  5 water moccasins
  3 gnoll sergeants
  An earth elemental (D:10)
  6 agate snails
  12 giant frogs
  An elf (shapeshifter) (Vaults:4)
  2 yaktaur skeletons
  2 cyclops skeletons
  11 giant slugs
  A hippogriff zombie (D:9)
  A wyvern skeleton (D:14)
  2 jellyfish (D:11)
  A yak zombie (D:13)
  A rock worm zombie (D:19)
  A boulder beetle zombie (D:18)
  An eye of draining (D:16)
  17 wights
  17 killer bees
  2 electric eels (D:11)
  2 vampire bats (D:6)
  8 crimson imps
  3 fire bats (Abyss:4)
  Dowan (D:9)
  A yellow wasp zombie (D:11)
  3 iron imps
  35 orc priests
  A basilisk zombie (D:14)
  4 goliath beetles
  A big fish (D:21)
  3 quasits
  4 hounds
  28 orc wizards
  8 iguanas
  6 jellies
  6 scorpions
  26 worker ants
  A boulder beetle simulacrum (D:17)
  21 sheep
  A big kobold zombie (D:12)
  3 boggarts (D:17)
  A tengu zombie (Abyss:4)
  2 mummies
  17 adders
  5 giant centipedes
  17 gnolls
  24 green rats
  5 lemures
  3 white imps
  A brain worm simulacrum (Abyss:4)
  A worm (D:5)
  An inept feature mimic (D:2)
  32 ufetubi
  An iguana zombie (D:11)
  An adder zombie (D:7)
  A giant eyeball (D:6)
  A giant gecko (shapeshifter) (Vaults:5)
  6 giant geckos
  3 oozes
  145 orcs
  16 goblins
  14 hobgoblins
  13 jackals
  25 kobolds
  11 quokkas
  15 bats
  4 giant cockroaches
  2 giant gecko skeletons
  4 giant newts
  A hobgoblin skeleton (D:8)
  16 illusory rakshasas
  22 rats
  A rat zombie (D:5)
  A ballistomycete (D:10)
  A fungus (Lair:8)
1888 creatures vanquished.

Vanquished Creatures (collateral kills)
  A bone dragon (Slime:6)
  4 acid blobs (Slime:6)
  4 azure jellies (Slime:6)
  An ancient bear (D:24)
  A death ooze (Slime:6)
  2 ettins
  A dragon (D:21)
  A centaur warrior (D:23)
  A harpy (D:19)
  A necromancer (Vaults:5)
  2 red wasps (Lair:1)
  A shining eye (Slime:6)
  An orc knight (D:16)
  4 giant amoebae (Slime:6)
  An eye of devastation (Slime:6)
  An elephant (Slime:6)
  A deep elf priest (D:19)
  A spriggan (Lair:1)
  A giant firefly (Lair:1)
  A yaktaur (D:20)
  An orb spider (shapeshifter) (D:19)
  A blink frog (Lair:8)
  8 slime creatures (Slime:6)
  A brown ooze (Slime:6)
  3 ugly things
  A yak (D:20)
  3 vampire mosquitoes
  2 orc warriors
  A black bear (D:21)
  A deep troll skeleton (Vaults:5)
  A centaur (D:23)
  2 eyes of draining (Slime:6)
  2 orc priests
  5 jellies
  A hound (Lair:1)
  A sheep (Slime:6)
  2 adders
  2 giant eyeballs
  An ooze (Slime:6)
  3 orcs (D:15)
  2 hobgoblins (D:4)
  A bat (D:4)
  A kobold skeleton (D:5)
  A quokka (D:5)
  A fungus (Lair:8)
  A plant (Lair:8)
80 creatures vanquished.

Vanquished Creatures (others)
  An acid blob (Zot:5)
  A bone dragon (Slime:6)
  An Executioner (Slime:6)
  A storm dragon (Zot:5)
  2 tengu reavers
  3 great orbs of eyes
  A green death (D:19)
  A minotaur (D:24)
  An ettin (D:27)
  5 death oozes
  2 yaktaur captains
  2 ironheart preservers (Vaults:5)
  A vault guard (Vaults:5)
  A hydra (Lair:8)
  2 giant orange brains (D:24)
  A catoblepas (Lair:8)
  5 very ugly things (Slime:6)
  A centaur warrior (D:24)
  A skeletal warrior (D:21)
  A storm dragon skeleton (Vaults:5)
  A giant amoeba (D:27)
  2 wizards (D:24)
  4 red wasps (Slime:6)
  A griffon (Slime:6)
  2 elephants
  An eye of devastation (D:24)
  A moth of wrath (Zot:5)
  A spiny frog (Slime:6)
  5 vapours
  A naga mage (D:24)
  A giant firefly (D:24)
  A hellwing (Abyss:4)
  3 yaktaurs
  A spriggan (D:24)
  13 slime creatures
  A brown ooze (Slime:6)
  2 basilisks (Slime:6)
  2 two-headed ogres (D:23)
  A grizzly bear (D:13)
  3 trapdoor spiders (Zot:5)
  A yak (Slime:6)
  An air elemental (Abyss:4)
  A hog (Slime:6)
  A chaos spawn (D:24)
  9 vampire mosquitoes (Slime:6)
  A hippogriff (Slime:6)
  A soldier ant (Slime:6)
  A small abomination (Abyss:4)
  A boring beetle (Slime:6)
  4 centaurs
  A warg (Vaults:5)
  4 ogres
  7 insubstantial wisps (Slime:6)
  An eye of draining (D:24)
  A wight (D:10)
  A fire bat (Abyss:4)
  2 hounds (Slime:6)
  An orc priest (Orc:4)
  A crimson imp (D:6)
  108 jellies
  3 orc wizards
  An ufetubus (Abyss:4)
  A giant eyeball (D:24)
  An ooze (Slime:3)
  5 orcs
  A goblin (Orc:4)
  A hobgoblin (Orc:4)
  A giant spore (D:10)
  2 butterflies (Slime:6)
  4 fungi (Lair:8)
  2 plants (D:26)
251 creatures vanquished.

Grand Total: 2219 creatures vanquished

Notes
Turn   | Place    | Note
--------------------------------------------------------------
     0 | D:1      | jeanjacques, the Gargoyle Artificer, began the quest for the Orb.
     0 | D:1      | Reached XP level 1. HP: 12/12 MP: 1/1
   115 | D:1      | Reached skill level 3 in Evocations
   216 | D:2      | Reached XP level 2. HP: 14/17 MP: 3/3
   303 | D:2      | Found a basalt altar of Yredelemnul.
   677 | D:4      | Reached XP level 3. HP: 12/21 MP: 4/4
   695 | D:5      | Entered Level 5 of the Dungeon
   727 | D:4      | Reached skill level 2 in Fighting
   727 | D:4      | Reached skill level 4 in Evocations
   865 | D:3      | Reached XP level 4. HP: 24/27 MP: 6/6
  1036 | D:2      | Reached skill level 1 in Maces & Flails
  1134 | D:3      | Noticed an ogre
  1212 | D:4      | Noticed an ogre
  1591 | D:5      | Noticed a water moccasin
  1593 | D:5      | an ogre (ally) was killed
  1648 | D:5      | Reached skill level 3 in Fighting
  1758 | D:5      | Noticed a centaur
  1758 | D:5      | Killed a centaur
  1758 | D:5      | Reached skill level 4 in Fighting
  1758 | D:5      | Reached XP level 5. HP: 26/32 MP: 8/8
  1927 | D:5      | Noticed a water moccasin
  1933 | D:5      | Killed a water moccasin
  1933 | D:5      | Reached skill level 5 in Fighting
  1933 | D:5      | Reached XP level 6. HP: 36/38 MP: 10/10
  1942 | D:5      | Found a staircase to the Ecumenical Temple.
  1961 | D:5      | Found a gateway to a ziggurat.
  1967 | D:5      | Noticed an angel
  2058 | D:5      | Reached skill level 6 in Fighting
  2275 | D:5      | Killed a water moccasin
  2371 | D:6      | Reached XP level 7. HP: 43/43 MP: 11/11
  2392 | D:7      | Reached skill level 7 in Fighting
  2468 | D:9      | Found Ochaucku's Magic Scroll Shoppe.
  2491 | D:9      | Gained mutation: Your vision is a little blurry. [potion of mutation]
  2491 | D:9      | Gained mutation: Your digestive system is specialised to digest meat. [potion of mutation]
  2491 | D:9      | Gained mutation: You are partially covered in rough black scales (AC +4, Dex -1). [potion of mutation]
  2492 | D:9      | Bought a scroll of fear for 45 gold pieces
  2492 | D:9      | Bought a scroll of immolation for 13 gold pieces
  2492 | D:9      | Bought a scroll of identify for 26 gold pieces
  2533 | D:8      | Reached skill level 8 in Fighting
  2678 | D:8      | Found a staircase to the Orcish Mines.
  2729 | D:8      | Noticed Grum
  2747 | D:8      | Reached skill level 9 in Fighting
  2747 | D:8      | Reached XP level 8. HP: 35/51 MP: 13/13
  2749 | D:8      | Reached skill level 1 in Armour
  2751 | D:8      | Killed Grum
  2751 | D:8      | Reached skill level 2 in Armour
  3005 | D:7      | Reached skill level 10 in Fighting
  3120 | D:6      | Reached skill level 5 in Evocations
  3169 | D:6      | Reached skill level 1 in Axes
  3267 | D:6      | Reached XP level 9. HP: 51/56 MP: 17/17
  3308 | D:6      | Found a glowing silver altar of Zin.
  3408 | D:6      | Reached skill level 2 in Axes
  3737 | D:8      | Reached skill level 2 in Maces & Flails
  3773 | D:8      | Reached skill level 11 in Fighting
  3825 | D:8      | Found a shimmering altar of Xom.
  3826 | D:8      | Found a sparkling altar of Nemelex Xobeh.
  3956 | D:10     | Entered Level 10 of the Dungeon
  3966 | D:10     | Reached skill level 3 in Maces & Flails
  3966 | D:10     | Reached skill level 6 in Evocations
  3988 | D:10     | Reached skill level 4 in Maces & Flails
  4004 | D:9      | Noticed Edmund
  4077 | D:9      | Reached skill level 5 in Maces & Flails
  4151 | D:9      | Killed Edmund
  4212 | D:9      | Reached skill level 6 in Maces & Flails
  4448 | D:10     | Reached skill level 2 in Dodging
  4489 | D:10     | Reached XP level 10. HP: 36/63 MP: 19/19
  4531 | D:10     | Reached skill level 7 in Maces & Flails
  4780 | D:10     | Reached skill level 8 in Maces & Flails
  5291 | D:11     | Reached skill level 9 in Maces & Flails
  5560 | D:12     | Noticed a hill giant
  5576 | D:12     | Killed a hill giant
  5576 | D:12     | Reached skill level 10 in Maces & Flails
  5648 | D:12     | Lost mutation: Your digestive system is specialised to digest meat. [potion of cure mutation]
  5648 | D:12     | Lost mutation: Your vision is a little blurry. [potion of cure mutation]
  5648 | D:12     | Lost mutation: You are partially covered in rough black scales (AC +4, Dex -1). [potion of cure mutation]
  5814 | D:12     | Killed an unseen horror
  5814 | D:12     | Reached skill level 11 in Maces & Flails
  5814 | D:12     | Reached XP level 11. HP: 57/68 MP: 20/20
  5918 | D:12     | Reached skill level 12 in Maces & Flails
  6312 | D:11     | Noticed a hill giant
  6319 | D:11     | Killed a hill giant
  6454 | D:11     | Found a staircase to the Lair.
  6462 | Lair:1   | Entered Level 1 of the Lair of Beasts
  6859 | Lair:2   | Reached skill level 13 in Maces & Flails
  7391 | Lair:4   | Identified a scroll of acquirement
  7410 | Lair:4   | Reached skill level 3 in Dodging
  7417 | Lair:4   | Noticed a six-headed hydra
  7908 | Lair:2   | Found a blossoming altar of Fedhas.
  8135 | Lair:4   | Reached skill level 4 in Dodging
  8151 | Lair:4   | Reached XP level 12. HP: 59/75 MP: 21/21
  8223 | Lair:5   | Reached skill level 12 in Fighting
  8261 | Lair:6   | Found a snail-covered altar of Cheibriados.
  8266 | Lair:5   | Noticed a catoblepas
  8282 | Lair:5   | Killed a catoblepas
  8282 | Lair:5   | Reached skill level 14 in Maces & Flails
  8383 | Lair:5   | Found a staircase to the Snake Pit.
  8858 | Lair:6   | Found a staircase to the Slime Pits.
  9059 | Lair:6   | Found a staircase to the Shoals.
  9062 | Lair:6   | Reached skill level 7 in Evocations
  9300 | Lair:8   | Entered Level 8 of the Lair of Beasts
  9311 | Lair:8   | Noticed a seven-headed hydra
  9319 | Lair:8   | Killed a seven-headed hydra
  9319 | Lair:8   | Reached skill level 5 in Dodging
  9327 | Lair:8   | Reached skill level 13 in Fighting
  9723 | Lair:8   | Noticed a death yak
  9724 | Lair:8   | Noticed an eight-headed hydra
  9739 | Lair:8   | Noticed a death yak
  9739 | Lair:8   | Killed a death yak
  9739 | Lair:8   | Killed an eight-headed hydra
 10076 | Lair:8   | Noticed a five-headed hydra
 10207 | Lair:6   | Reached XP level 13. HP: 83/83 MP: 24/24
 10309 | Lair:6   | Reached skill level 8 in Evocations
 10448 | D:11     | Reached skill level 14 in Fighting
 10596 | D:11     | Reached skill level 6 in Dodging
 10792 | D:8      | Became a worshipper of Nemelex Xobeh
 10798 | D:8      | Received a gift from Nemelex Xobeh
 10878 | D:8      | Acquired Nemelex Xobeh's first power
 10988 | D:8      | Acquired Nemelex Xobeh's second power
 11032 | D:9      | Noticed Dowan
 11044 | D:9      | Noticed Duvessa
 11048 | D:9      | Killed Dowan
 11055 | D:9      | Killed Duvessa
 11232 | D:9      | Reached skill level 8 in Dodging
 11233 | D:9      | Gained mutation: Your body is slowly deteriorating. [helix card]
 11234 | D:9      | Paralysed by a potion of paralysis for 4 turns
 11239 | D:9      | Reached skill level 10 in Evocations
 11239 | D:9      | Gained mutation: Your wings are large and strong. [gargoyle growth]
 11239 | D:9      | Reached XP level 14. HP: 87/89 MP: 24/27
 11239 | D:9      | Acquired Nemelex Xobeh's third power
 11259 | D:9      | Received a gift from Nemelex Xobeh
 11596 | Lair:1   | Received a gift from Nemelex Xobeh
 11607 | Lair:1   | Acquired Nemelex Xobeh's fourth power
 11635 | Lair:1   | Received a gift from Nemelex Xobeh
 11638 | Lair:1   | Acquired Nemelex Xobeh's fifth power
 11642 | Lair:1   | Received a gift from Nemelex Xobeh
 11707 | D:11     | Reached skill level 1 in Ice Magic
 11836 | D:13     | Noticed an ogre mage
 11859 | D:13     | Killed an ogre mage
 11859 | D:13     | Reached skill level 2 in Ice Magic
 12007 | D:13     | Killed an unseen horror
 12116 | D:13     | Received a gift from Nemelex Xobeh
 12188 | D:13     | Noticed a centaur warrior
 12195 | D:13     | Killed a centaur warrior
 12227 | D:14     | Entered Level 14 of the Dungeon
 12301 | D:13     | Found an ancient bone altar of Kikubaaqudgha.
 12355 | D:14     | Reached skill level 3 in Ice Magic
 12365 | D:15     | Entered Level 15 of the Dungeon
 12564 | D:15     | Noticed Fannar
 13080 | D:17     | Reached skill level 15 in Fighting
 13306 | D:17     | Reached skill level 11 in Evocations
 13318 | D:17     | Reached XP level 15. HP: 75/96 MP: 29/29
 13334 | D:17     | Learned a level 6 spell: Ozocubu's Refrigeration
 13373 | D:17     | Reached skill level 9 in Dodging
 13975 | D:17     | Found a burning altar of Makhleb.
 14023 | D:17     | Received a gift from Nemelex Xobeh
 14365 | D:17     | Found a snail-covered altar of Cheibriados.
 14467 | D:16     | Noticed Sonja
 14583 | D:18     | Learned a level 2 spell: Blink
 14595 | D:18     | Reached skill level 16 in Fighting
 14671 | D:19     | Received a gift from Nemelex Xobeh
 14955 | D:20     | Entered Level 20 of the Dungeon
 15143 | D:19     | Found a glowing golden altar of the Shining One.
 15232 | D:19     | Found a staircase to the Vaults.
 15239 | Vaults:1 | Entered Level 1 of the Vaults
 15643 | D:18     | Reached skill level 10 in Dodging
 15860 | D:19     | Received a gift from Nemelex Xobeh
 15975 | D:19     | Reached skill level 3 in Armour
 16077 | D:20     | Reached skill level 17 in Fighting
 16496 | D:21     | Gained mutation: Your magical capacity is low (-10% MP). [potion of mutation]
 16496 | D:21     | Gained mutation: Your digestive system is specialised to digest meat. [potion of mutation]
 16496 | D:21     | Gained mutation: Space occasionally distorts in your vicinity. [potion of mutation]
 16536 | D:21     | Received a gift from Nemelex Xobeh
 16540 | D:21     | Reached skill level 4 in Armour
 16720 | D:21     | Found a one-way gate leading to the halls of Pandemonium.
 16852 | D:21     | Learned a level 1 spell: Apportation
 17209 | D:21     | Found a gateway to Hell.
 17262 | D:21     | Received a gift from Nemelex Xobeh
 17351 | D:21     | Reached skill level 5 in Armour
 17664 | D:20     | Reached XP level 16. HP: 104/106 MP: 26/26
 17693 | D:20     | Paralysed by an ogre mage for 7 turns
 17747 | D:21     | Found a one-way gate to the infinite horrors of the Abyss.
 18337 | D:18     | Received a gift from Nemelex Xobeh
 18394 | D:18     | Reached skill level 11 in Dodging
 18823 | D:16     | Received a gift from Nemelex Xobeh
 19135 | D:15     | Noticed Azrael
 19145 | D:15     | Killed Azrael
 19147 | D:15     | Reached skill level 6 in Armour
 19398 | D:15     | Killed Fannar
 19501 | D:15     | Reached skill level 18 in Fighting
 19605 | D:15     | Noticed Urug
 19613 | D:15     | Killed Urug
 19798 | D:15     | Learned a level 2 spell: Shroud of Golubria
 19850 | D:15     | Received a gift from Nemelex Xobeh
 20265 | Lair:8   | Noticed a six-headed hydra
 20274 | Lair:8   | Killed a six-headed hydra
 20305 | Lair:8   | Killed a five-headed hydra
 20317 | Lair:8   | Received a gift from Nemelex Xobeh
 20428 | Lair:8   | Paralysed by a potion of paralysis for 5 turns
 20434 | Lair:8   | Lost mutation: Your magical capacity is low (-10% MP). [helix card]
 20564 | Lair:8   | Killed a death yak
 20573 | Lair:8   | Reached skill level 1 in Poison Magic
 20579 | Lair:8   | Received a gift from Nemelex Xobeh
 20619 | Lair:8   | Noticed a dragon
 20745 | Lair:8   | Got a transparent scale mail
 20747 | Lair:8   | Got an encrusted bardiche
 20763 | Lair:8   | Identified the +4 scale mail of Dim Light {+Fly Curse} (You found it on level 8 of the Lair of Beasts)
 20764 | Lair:8   | Identified the +10,+6 bardiche "Xuppo" {antimagic, rPois} (You found it on level 8 of the Lair of Beasts)
 20764 | Lair:8   | Identified the +10,+6 bardiche "Xuppo" {antimagic, rPois} (You found it on level 8 of the Lair of Beasts)
 20919 | Lair:8   | Reached skill level 1 in Polearms
 20972 | Lair:8   | Gained mutation: You occasionally shout uncontrollably. [mutagenic glow]
 20983 | Lair:8   | Reached skill level 2 in Poison Magic
 21035 | Lair:8   | Received a gift from Nemelex Xobeh
 21297 | Lair:6   | Reached skill level 2 in Polearms
 21304 | Lair:6   | Paralysed by a giant eyeball for 3 turns
 21321 | Slime:1  | Entered Level 1 of the Pits of Slime
 21321 | Slime:1  | Noticed an acid blob
 21324 | Slime:2  | Noticed an acid blob
 21328 | Slime:2  | Killed an acid blob
 21420 | Slime:2  | Received a gift from Nemelex Xobeh
 21439 | Slime:5  | Noticed an acid blob
 21442 | Slime:6  | Entered Level 6 of the Pits of Slime
 21447 | Slime:6  | Reached skill level 3 in Poison Magic
 21449 | Slime:6  | Received a gift from Nemelex Xobeh
 21461 | Slime:6  | Noticed an acid blob
 21466 | Slime:6  | Noticed an acid blob
 21467 | Slime:6  | Noticed an acid blob
 21469 | Slime:6  | Received a gift from Nemelex Xobeh
 21477 | Slime:6  | Killed an acid blob
 21477 | Slime:6  | Reached skill level 3 in Polearms
 21479 | Slime:6  | Killed an acid blob
 21486 | Slime:6  | Reached skill level 4 in Poison Magic
 21515 | Slime:6  | Received a gift from Nemelex Xobeh
 21518 | Slime:6  | Reached skill level 7 in Polearms
 21518 | Slime:6  | Reached XP level 17. HP: 77/113 MP: 14/30
 21519 | Slime:6  | Reached skill level 9 in Polearms
 21519 | Slime:6  | Reached XP level 18. HP: 81/120 MP: 14/31
 21526 | Slime:6  | Noticed an acid blob
 21534 | Slime:6  | Received a gift from Nemelex Xobeh
 21538 | Slime:6  | Noticed an acid blob
 21544 | Slime:6  | Killed an acid blob
 21544 | Slime:6  | Reached skill level 7 in Armour
 21552 | Slime:6  | XOM: divination: magic mapping
 21555 | Slime:6  | Noticed a bone dragon
 21562 | Slime:6  | Received a gift from Nemelex Xobeh
 21564 | Slime:6  | Killed a bone dragon
 21592 | Slime:6  | Noticed the royal jelly
 21599 | Slime:6  | Noticed a bone dragon
 21606 | Slime:6  | Gained mutation: Your vision is a little blurry. [a shining eye]
 21611 | Slime:6  | Reached skill level 10 in Polearms
 21621 | Slime:6  | Found a viscous altar of Jiyva.
 21627 | Slime:6  | Fell from the grace of Nemelex Xobeh
 21627 | Slime:6  | Became a worshipper of Jiyva Jonusaang the Shapeless
 21657 | Slime:6  | Acquired Jiyva's first power
 21707 | Slime:1  | Noticed an acid blob
 22103 | Orc:1    | Entered Level 1 of the Orcish Mines
 22125 | Orc:1    | Found Wodexagorgh's General Store.
 22162 | Orc:1    | Found Cin Apt's Food Shop.
 22178 | Orc:1    | Found Crun's Weapon Emporium.
 22271 | Orc:1    | Acquired Jiyva's second power
 22524 | Orc:1    | Found Bisiesk's Antique Weapon Shoppe.
 22688 | Orc:2    | Gained mutation: You have a pair of small horns on your head. [Jiyva's grace]
 22691 | Orc:3    | Noticed Harold
 22694 | Orc:3    | Killed Harold
 22897 | Orc:3    | Gained mutation: You have an increased reservoir of magic (+10% MP). [Jiyva's grace]
 22899 | Orc:3    | Acquired Jiyva's third power
 22915 | Orc:3    | Gained mutation: You are resistant to hostile enchantments. [Jiyva's grace]
 22922 | Orc:3    | Acquired Jiyva's fourth power
 22934 | Orc:3    | Lost mutation: You have a pair of small horns on your head. [Jiyva's grace]
 22949 | Orc:3    | Lost mutation: Your digestive system is specialised to digest meat. [Jiyva's grace]
 23006 | Orc:2    | Gained mutation: You can spit poison. [Jiyva's grace]
 23037 | Orc:3    | Lost mutation: Your vision is a little blurry. [Jiyva's power]
 23044 | Orc:4    | Entered Level 4 of the Orcish Mines
 23044 | Orc:4    | Found a burning altar of Makhleb.
 23105 | Orc:4    | Noticed Joseph
 23116 | Orc:4    | Killed Joseph
 23116 | Orc:4    | Gained mutation: You are surrounded by a mild repulsion field (EV +2). [Jiyva's grace]
 23121 | Orc:4    | Lost mutation: You occasionally shout uncontrollably. [Jiyva's power]
 23127 | Orc:4    | Found a labyrinth entrance.
 23129 | Orc:4    | Lost mutation: Your body is slowly deteriorating. [Jiyva's power]
 23138 | Orc:4    | Lost mutation: You are resistant to hostile enchantments. [Jiyva's grace]
 23152 | Orc:4    | Noticed Maurice
 23166 | Orc:4    | Killed Maurice
 23222 | Orc:4    | Lost mutation: You can spit poison. [Jiyva's grace]
 23330 | Orc:4    | Found Kuatrat's Magic Scroll Emporium.
 23330 | Orc:4    | Found Duikku Zut's Book Shop.
 23330 | Orc:4    | Found Wiog's General Store.
 23335 | Orc:4    | Gained mutation: Your body is slowly deteriorating. [Jiyva's grace]
 23352 | Orc:4    | Reached skill level 1 in Hexes
 23364 | Orc:4    | Found Gasamm's Antique Armour Shoppe.
 23365 | Orc:4    | Gained mutation: You are robust (+10% HP). [Jiyva's grace]
 23380 | Orc:4    | Lost mutation: You are robust (+10% HP). [Jiyva's grace]
 23402 | Orc:4    | Gained mutation: Your flesh is heat resistant. [Jiyva's grace]
 23410 | Orc:4    | Lost mutation: You have an increased reservoir of magic (+10% MP). [Jiyva's grace]
 23414 | Orc:4    | Gained mutation: Your muscles are strong. (Str +2) [Jiyva's grace]
 23423 | Orc:4    | Gained mutation: Your vision is a little blurry. [Jiyva's grace]
 23425 | Orc:4    | Lost mutation: Your body is slowly deteriorating. [Jiyva's power]
 23426 | Orc:4    | Lost mutation: Your vision is a little blurry. [Jiyva's power]
 23436 | Orc:4    | Gained mutation: You are partially covered in icy blue scales (AC +1). [Jiyva's grace]
 23438 | Orc:4    | Bought a pair of dwarven boots for 43 gold pieces
 23438 | Orc:4    | Bought a helmet for 60 gold pieces
 23456 | Orc:4    | Gained mutation: Your digestive system is specialised to digest meat. [Jiyva's grace]
 23479 | Orc:4    | Lost mutation: Space occasionally distorts in your vicinity. [Jiyva's power]
 23479 | Orc:4    | Gained mutation: You have an increased reservoir of magic (+10% MP). [Jiyva's grace]
 23509 | Orc:4    | Found Ygiuj's Armour Shoppe.
 23617 | Orc:4    | Lost mutation: Your digestive system is specialised to digest meat. [Jiyva's grace]
 23694 | Orc:3    | Lost mutation: You have an increased reservoir of magic (+10% MP). [Jiyva's grace]
 23744 | Orc:1    | Bought a scroll of enchant armour for 82 gold pieces
 23744 | Orc:1    | Bought a scroll of acquirement for 780 gold pieces
 23979 | Lair:1   | Gained mutation: Your rubbery body absorbs attacks (AC +1). [Jiyva's grace]
 24099 | Slime:3  | Noticed an acid blob
 24099 | Slime:3  | Noticed an acid blob
 24188 | Slime:6  | Got a crude bronze ring
 24210 | Slime:6  | Lost mutation: You are partially covered in icy blue scales (AC +1). [Jiyva's grace]
 24218 | Slime:6  | Noticed an acid blob
 24226 | Slime:6  | Gained mutation: You have claws for feet. [Jiyva's grace]
 24229 | Slime:6  | Got a heavily runed steel ring
 24239 | Slime:6  | Gained mutation: Your pliable body absorbs attacks (AC +1, EV +1). [Jiyva's grace]
 24273 | Slime:6  | Got a slimy rune of Zot
 24293 | Slime:6  | Got a faintly glowing lajatang
 24299 | Slime:6  | Identified the ring "Durym" {+/*Tele rElec Dam+2} (You found it on level 6 of the Pits of Slime)
 24300 | Slime:6  | Identified the ring of Imaoh {+Fly rF++ Acc-2 Dam+4} (You found it on level 6 of the Pits of Slime)
 24309 | Slime:6  | Identified the +9,+1 lajatang of Tender Mercy {slice, rF+ rC+} (You found it on level 6 of the Pits of Slime)
 24309 | Slime:6  | Identified the +9,+1 lajatang of Tender Mercy {slice, rF+ rC+} (You found it on level 6 of the Pits of Slime)
 24327 | Slime:6  | Gained mutation: You have a small jelly attached to you that senses nearby items. [Jiyva's grace]
 24526 | D:11     | Gained mutation: Armour fits poorly on your pseudopods. [Jiyva's grace]
 25239 | Orc:4    | Bought an uncursed amulet of resist mutation for 600 gold pieces
 25243 | Orc:4    | Bought a scroll of teleportation for 45 gold pieces
 25243 | Orc:4    | Bought a scroll of magic mapping for 52 gold pieces
 25301 | Orc:4    | Found a staircase to the Elven Halls.
 25310 | Elf:1    | Entered Level 1 of the Elven Halls
 25401 | Elf:1    | Cast into the Abyss (drawing a card)
 25435 | Abyss:1  | Found a basalt altar of Yredelemnul.
 25462 | Abyss:1  | Found a basalt altar of Yredelemnul.
 25580 | Abyss:2  | Gained mutation: Thin tendrils of slime have grown from your body. [Jiyva's grace]
 25660 | Abyss:2  | Reached skill level 1 in Invocations
 25677 | Abyss:3  | Found a corrupted altar of Lugonu.
 25682 | Abyss:3  | Found a corrupted altar of Lugonu.
 25693 | Abyss:3  | Found a corrupted altar of Lugonu.
 25788 | Abyss:3  | Found a corrupted altar of Lugonu.
 25824 | Abyss:3  | Reached skill level 5 in Poison Magic
 25869 | Abyss:3  | Reached skill level 2 in Invocations
 26025 | Abyss:3  | Found a corrupted altar of Lugonu.
 26153 | Abyss:3  | Reached skill level 12 in Dodging
 26173 | Abyss:3  | Reached skill level 2 in Hexes
 26180 | Abyss:3  | Reached skill level 8 in Armour
 26181 | Abyss:3  | Lost mutation: You have claws for feet. [Jiyva's grace]
 26388 | Abyss:4  | Found a corrupted altar of Lugonu.
 26389 | Abyss:4  | Found a basalt altar of Yredelemnul.
 26434 | Abyss:4  | Paralysed by you for 4 turns
 26470 | Abyss:4  | Reached XP level 19. HP: 125/125 MP: 32/32
 26480 | Abyss:4  | Gained mutation: You can spit poison. [Jiyva's grace]
 26553 | Abyss:4  | Reached skill level 3 in Hexes
 26561 | Abyss:4  | Found a corrupted altar of Lugonu.
 26795 | Abyss:4  | Reached skill level 9 in Armour
 26843 | Abyss:4  | Reached skill level 2 in Stealth
 27036 | Abyss:4  | Got an abyssal rune of Zot
 27039 | Abyss:4  | Reached skill level 3 in Stealth
 27078 | Elf:1    | Escaped the Abyss
 27161 | Elf:2    | Found a magical portal.
 27204 | Elf:1    | Identified a -2 rod of frigid destruction (10/10) (You found it on level 1 of the Elven Halls)
 27282 | Elf:1    | Gained mutation: Your skin is partially translucent. [Jiyva's grace]
 27587 | D:16     | Killed Sonja
 27681 | D:17     | Reached skill level 11 in Polearms
 27683 | D:17     | Gained mutation: Your body is partially covered in golden eyeballs (Acc +3). [Jiyva's grace]
 28035 | D:23     | Reached skill level 4 in Hexes
 28095 | D:23     | Gained mutation: Your body is mostly covered in golden eyeballs (Acc +5). [Jiyva's grace]
 28171 | D:22     | Gained mutation: Your magical capacity is low (-10% MP). [Jiyva's grace]
 28195 | D:22     | Gained mutation: Armour fits poorly on your large pseudopods. [Jiyva's grace]
 28308 | D:22     | Lost mutation: Thin tendrils of slime have grown from your body. [Jiyva's grace]
 28486 | D:23     | Noticed Sojobo
 28493 | D:23     | Noticed Sojobo
 28493 | D:23     | Sojobo changed into Sojobo the acid blob
 28505 | D:23     | Gained mutation: You are partially covered in large bone plates (AC +2, SH +2). [Jiyva's grace]
 28593 | D:22     | Noticed a lich
 28598 | D:22     | Killed a lich
 28598 | D:22     | Reached skill level 12 in Polearms
 28615 | D:22     | Gained mutation: You have claws for feet. [Jiyva's grace]
 28756 | D:23     | Noticed Margery
 28769 | D:23     | Lost mutation: Armour fits poorly on your large pseudopods. [Jiyva's grace]
 28783 | D:23     | Killed Margery
 28831 | D:23     | Lost mutation: Your muscles are strong. (Str +2) [Jiyva's grace]
 28842 | D:23     | Lost mutation: Your pliable body absorbs attacks (AC +1, EV +1). [Jiyva's grace]
 28882 | D:23     | Lost mutation: Armour fits poorly on your pseudopods. [Jiyva's grace]
 28935 | D:25     | Entered Level 25 of the Dungeon
 28945 | D:25     | Reached skill level 13 in Polearms
 29010 | D:25     | Lost mutation: Your body is mostly covered in golden eyeballs (Acc +5). [Jiyva's grace]
 29029 | D:25     | Lost mutation: Your rubbery body absorbs attacks (AC +1). [Jiyva's grace]
 29103 | D:26     | Lost mutation: Your skin is partially translucent. [Jiyva's grace]
 29211 | D:26     | Noticed Saint Roka
 29232 | D:26     | Killed Saint Roka
 29232 | D:26     | Reached skill level 14 in Polearms
 29232 | D:26     | Reached XP level 20. HP: 82/132 MP: 28/28
 29354 | D:26     | Gained mutation: Your rubbery body absorbs attacks (AC +1). [Jiyva's grace]
 29363 | D:26     | Gained mutation: You are partially covered in rugged brown scales (AC +1, +3% HP). [Jiyva's grace]
 29418 | D:26     | Gained mutation: You are robust (+10% HP). [Jiyva's grace]
 29434 | D:26     | Gained mutation: Your pliable body absorbs attacks (AC +1, EV +1). [Jiyva's grace]
 29504 | D:27     | Entered Level 27 of the Dungeon
 29537 | D:26     | Lost mutation: You can spit poison. [Jiyva's grace]
 29628 | D:26     | Gained mutation: Your spells are a little harder to cast, but a little more powerful. [Jiyva's grace]
 29642 | D:27     | Reached skill level 15 in Polearms
 29683 | D:27     | Lost mutation: Your pliable body absorbs attacks (AC +1, EV +1). [Jiyva's grace]
 29745 | D:27     | Lost mutation: Your flesh is heat resistant. [Jiyva's grace]
 29882 | D:27     | Gained mutation: You can translocate small distances at will. [Jiyva's grace]
 30181 | D:27     | Reached skill level 16 in Polearms
 30196 | D:27     | Gained mutation: Your flesh is heat resistant. [Jiyva's grace]
 30269 | D:27     | Gained mutation: Your vision is a little blurry. [Jiyva's grace]
 30378 | D:27     | Noticed a golden dragon
 30440 | D:27     | Lost mutation: Your magical capacity is low (-10% MP). [Jiyva's power]
 30454 | D:27     | Killed a golden dragon
 30488 | D:27     | Found a portal to a secret trove of treasure.
 30622 | D:25     | Lost mutation: Your vision is a little blurry. [Jiyva's power]
 30707 | D:25     | Reached skill level 17 in Polearms
 30727 | D:25     | Gained mutation: Thin tendrils of slime have grown from your body. [Jiyva's grace]
 30799 | D:25     | Gained mutation: You are agile. (Dex +2) [Jiyva's grace]
 30810 | D:25     | Reached XP level 21. HP: 109/155 MP: 33/33
 30892 | D:25     | Gained mutation: Your skin is partially translucent. [Jiyva's grace]
 30908 | Hell     | Entered the Vestibule of Hell
 31027 | Hell     | Noticed Geryon
 31069 | Hell     | Killed Geryon
 31171 | Hell     | Found a gateway to the decaying netherworld of Tartarus.
 31226 | D:24     | Lost mutation: Your spells are a little harder to cast, but a little more powerful. [Jiyva's grace]
 31261 | D:24     | Reached skill level 18 in Polearms
 31331 | D:24     | Gained mutation: Armour fits poorly on your pseudopods. [Jiyva's grace]
 31402 | D:24     | Lost mutation: You are agile. (Dex +2) [Jiyva's grace]
 31560 | D:24     | Got a brightly glowing crossbow
 31609 | D:24     | Lost mutation: You have claws for feet. [Jiyva's grace]
 31632 | D:24     | Lost mutation: You are partially covered in rugged brown scales (AC +1, +3% HP). [Jiyva's grace]
 31738 | D:24     | Learned a level 2 spell: Repel Missiles
 31751 | D:24     | Learned a level 3 spell: Regeneration
 31871 | D:24     | Reached skill level 19 in Polearms
 31890 | D:24     | Gained mutation: Armour fits poorly on your strangely shaped body. [Jiyva's grace]
 31975 | D:24     | Gained mutation: You have a small jelly attached to you that may absorb incoming projectiles. [Jiyva's grace]
 32146 | D:24     | Gained mutation: Armour fits poorly on your large pseudopods. [Jiyva's grace]
 32181 | D:24     | Lost mutation: Thin tendrils of slime have grown from your body. [Jiyva's grace]
 32263 | D:24     | Lost mutation: Your skin is partially translucent. [Jiyva's grace]
 32370 | D:24     | Gained mutation: You are agile. (Dex +2) [Jiyva's grace]
 33071 | Vaults:2 | Reached XP level 22. HP: 145/158 MP: 34/34
 33269 | Vaults:4 | Gained mutation: Your spells are a little harder to cast, but a little more powerful. [Jiyva's grace]
 33280 | Vaults:3 | Lost mutation: Armour fits poorly on your strangely shaped body. [Jiyva's power]
 33349 | Vaults:4 | Reached skill level 20 in Polearms
 33367 | Vaults:4 | Lost mutation: Your body is partially covered in golden eyeballs (Acc +3). [Jiyva's grace]
 33427 | Vaults:5 | Entered Level 5 of the Vaults
 33577 | Vaults:4 | Lost mutation: You are robust (+10% HP). [Jiyva's grace]
 33621 | Vaults:4 | Lost mutation: You can translocate small distances at will. [Jiyva's grace]
 33629 | Vaults:4 | Gained mutation: You are resistant to hostile enchantments. [Jiyva's grace]
 33649 | Vaults:4 | Gained mutation: You possess an exceptional clarity of mind. [Jiyva's grace]
 33656 | Vaults:4 | Lost mutation: Your flesh is heat resistant. [Jiyva's grace]
 33662 | Vaults:4 | Lost mutation: You are agile. (Dex +2) [Jiyva's grace]
 33708 | Vaults:4 | Lost mutation: You are resistant to hostile enchantments. [Jiyva's grace]
 33757 | Vaults:4 | Gained mutation: You have acidic saliva. [Jiyva's grace]
 33762 | Vaults:4 | Lost mutation: You have acidic saliva. [Jiyva's grace]
 34038 | Vaults:4 | Reached skill level 21 in Polearms
 34046 | Vaults:4 | Gained mutation: Your mind is acute. (Int +2) [Jiyva's grace]
 34093 | Vaults:4 | Gained mutation: You are partially covered in iridescent scales (AC +4). [potion of beneficial mutation]
 34256 | Vaults:4 | Gained mutation: You can translocate small distances at will. [Jiyva's grace]
 34378 | Vaults:3 | Gained mutation: You are resistant to hostile enchantments. [Jiyva's grace]
 34481 | Vaults:4 | Gained mutation: Thin tendrils of slime have grown from your body. [Jiyva's grace]
 34712 | Vaults:5 | Lost mutation: Armour fits poorly on your large pseudopods. [Jiyva's grace]
 34839 | Vaults:5 | Found Plama's Antique Armour Boutique.
 34839 | Vaults:5 | Lost mutation: Your spells are a little harder to cast, but a little more powerful. [Jiyva's grace]
 34853 | Vaults:5 | Bought a pair of heavily runed boots for 188 gold pieces
 34867 | Vaults:5 | Identified the +2 pair of boots of the Rabble {Str+4 Dam+3} (You bought it in a shop on level 5 of the Vaults)
 34870 | Vaults:5 | Identified the Tome of Icy Curses
 34872 | Vaults:5 | Got an ancient mace
 34875 | Vaults:5 | Identified the cursed -1,+3 mace "Brastrek" {flame, +Fly} (You found it on level 5 of the Vaults)
 34875 | Vaults:5 | Identified the cursed -1,+3 mace "Brastrek" {flame, +Fly} (You found it on level 5 of the Vaults)
 34880 | Vaults:5 | Bought a dazzling leather armour for 203 gold pieces
 34881 | Vaults:5 | Identified the +5 leather armour of Articulation {Str+3 Dex+3} (You bought it in a shop on level 5 of the Vaults)
 34882 | Vaults:5 | Gained mutation: You passively map a small area around you. [Jiyva's grace]
 34929 | Vaults:5 | Gained mutation: Armour fits poorly on your large pseudopods. [Jiyva's grace]
 34954 | Vaults:5 | Gained mutation: Your pliable body absorbs attacks (AC +1, EV +1). [Jiyva's grace]
 35012 | Vaults:5 | Lost mutation: You are partially covered in large bone plates (AC +2, SH +2). [Jiyva's grace]
 35132 | Vaults:5 | Got a brightly glowing morningstar
 35133 | Vaults:5 | Identified the +9,+9 morningstar "Vouwnu" {vamp, -Tele rElec rPois rC+ MR++ Dex-2} (You found it on level 5 of the Vaults)
 35133 | Vaults:5 | Identified the +9,+9 morningstar "Vouwnu" {vamp, -Tele rElec rPois rC+ MR++ Dex-2} (You found it on level 5 of the Vaults)
 35170 | Vaults:5 | Got a fine chain mail
 35184 | Vaults:5 | Got a slimy scale mail
 35284 | Vaults:4 | Identified the +7 chain mail of the Ancient Hells {rC+ Int+1 Acc-1 SInv} (You found it on level 5 of the Vaults)
 35294 | D:20     | Lost mutation: You can translocate small distances at will. [Jiyva's grace]
 35301 | Vaults:4 | Identified the +4 scale mail "Gyanyiz" {MR++ Str-1 Dam-4 Stlth+} (You found it on level 5 of the Vaults)
 35346 | Vaults:5 | Reached skill level 22 in Polearms
 35351 | Vaults:5 | Reached XP level 23. HP: 151/151 MP: 34/34
 35355 | Vaults:5 | Lost mutation: Your mind is acute. (Int +2) [Jiyva's grace]
 35362 | Vaults:5 | Got a faintly humming ring mail
 35416 | Vaults:5 | Lost mutation: You are partially covered in iridescent scales (AC +4). [Jiyva's grace]
 35517 | Vaults:5 | Got a fine bow
 35542 | Vaults:5 | Identified the +3 ring mail of Oblivion {Int+4 Acc+3} (You found it on level 5 of the Vaults)
 35577 | Vaults:5 | Lost mutation: You possess an exceptional clarity of mind. [Jiyva's grace]
 35861 | Vaults:5 | Gained mutation: Your gelatinous body deflects attacks (AC +2, EV +2). [Jiyva's grace]
 35924 | Vaults:5 | Lost mutation: You passively map a small area around you. [Jiyva's grace]
 35978 | Vaults:5 | Gained mutation: You passively map a small area around you. [Jiyva's grace]
 36077 | Vaults:5 | Lost mutation: Thin tendrils of slime have grown from your body. [Jiyva's grace]
 36079 | Vaults:5 | Got a silver rune of Zot
 36100 | Vaults:5 | Got an encrusted plate armour
 36119 | Vaults:5 | Identified the cursed -5 plate armour of Indomitability {Int-4} (You found it on level 5 of the Vaults)
 36536 | D:26     | Reached skill level 23 in Polearms
 36656 | D:26     | Lost mutation: Armour fits poorly on your large pseudopods. [Jiyva's grace]
 36788 | Zot:1    | Entered Level 1 of the Realm of Zot
 36907 | Zot:3    | Gained mutation: You are robust (+10% HP). [Jiyva's grace]
 37113 | Zot:5    | Entered Level 5 of the Realm of Zot
 37329 | Zot:5    | Reached XP level 24. HP: 167/172 MP: 11/35
 37342 | Zot:5    | Gained mutation: Your magical capacity is low (-10% MP). [Jiyva's grace]
 37343 | Zot:5    | Noticed an ancient lich
 37363 | Zot:5    | Killed an ancient lich
 37363 | Zot:5    | Reached skill level 24 in Polearms
 37595 | Zot:5    | Noticed an ancient lich
 37602 | Zot:5    | Killed an ancient lich
 37619 | Zot:5    | Noticed an orb of fire
 37631 | Zot:5    | Noticed an orb of fire
 37636 | Zot:5    | Killed an orb of fire
 37653 | Zot:5    | Gained mutation: You are weak. (Str -2) [an orb of fire]
 37655 | Zot:5    | Noticed an orb of fire
 37661 | Zot:5    | Killed an orb of fire
 37671 | Zot:5    | Killed an orb of fire
 37851 | Zot:5    | Reached skill level 25 in Polearms
 37871 | Zot:5    | Noticed an orb of fire
 37872 | Zot:5    | Noticed an ancient lich
 37882 | Zot:5    | an ancient lich changed into a death ooze
 37891 | Zot:5    | Killed an orb of fire
 37919 | Zot:5    | Reached skill level 10 in Armour
 37936 | Zot:5    | Noticed an orb of fire
 37943 | Zot:5    | Killed an orb of fire
 38093 | Zot:4    | Gained mutation: Thin tendrils of slime have grown from your body. [Jiyva's grace]
 38365 | Zot:5    | Noticed an orb of fire
 38382 | Zot:5    | Killed an orb of fire
 38382 | Zot:5    | Reached XP level 25. HP: 109/180 MP: 10/31
 38550 | Zot:5    | Noticed an orb of fire
 38561 | Zot:5    | Killed an orb of fire
 38595 | Zot:5    | Reached skill level 11 in Armour
 38896 | Zot:5    | Got the Orb of Zot
 38995 | Zot:4    | Reached skill level 19 in Fighting
 39071 | Zot:2    | Lost mutation: Your magical capacity is low (-10% MP). [Jiyva's grace]
 39545 | D:6      | Found a snail-covered altar of Cheibriados.
 39762 | D:$      | Escaped with the Orb!

Action                   |  1- 3 |  4- 6 |  7- 9 | 10-12 | 13-15 | 16-18 | 19-21 | 22-24 | 25-27 || total
-------------------------+-------+-------+-------+-------+-------+-------+-------+-------+-------++-------
Melee: Short sword       |    81 |    18 |       |       |       |       |       |       |       ||    99
       Hand axe          |       |    75 |   170 |       |       |       |       |       |       ||   245
       Mace              |       |       |   127 |   212 |       |       |       |       |       ||   339
       Flail             |       |       |       |   155 |       |       |       |       |       ||   155
       Dire flail        |       |       |       |   466 |   929 |  1107 |  1637 |   892 |       ||  5031
       Morningstar       |       |       |       |       |       |       |       |   102 |       ||   102
       Bardiche          |       |       |       |       |       |       |       |   362 |   108 ||   470
Throw: Tomahawk          |       |       |       |     2 |     1 |       |       |       |       ||     3
 Cast: Apportation       |       |       |       |       |       |    37 |       |       |       ||    37
Invok: Draw One          |       |       |       |       |    15 |    18 |       |       |       ||    33
       Deal Four         |       |       |       |       |       |     3 |       |       |       ||     3
       Request Jelly     |       |       |       |       |       |    16 |    21 |    24 |     5 ||    66
       Jelly Paralyse    |       |       |       |       |       |     7 |     1 |     2 |       ||    10
       Cure Bad Mutation |       |       |       |       |       |     6 |     2 |     1 |       ||     9
       Slimify           |       |       |       |       |       |       |     3 |     5 |     1 ||     9
 Abil: Fly               |       |       |       |       |     1 |       |     2 |       |       ||     3
       End Transformatio |       |       |       |       |       |     1 |       |       |       ||     1
       Stop Flying       |       |       |       |       |       |       |     2 |       |       ||     2
Evoke: Wand              |     6 |    26 |    16 |    38 |    33 |    10 |    42 |     8 |     3 ||   182
       Deck              |       |       |       |     1 |    49 |    67 |       |     1 |       ||   118
       Miscellaneous     |       |       |       |       |       |     1 |     7 |     4 |       ||    12
  Use: Scroll            |     4 |     6 |     8 |    22 |    19 |    24 |    10 |    18 |     1 ||   112
       Potion            |     2 |     2 |     2 |     7 |     8 |     5 |     5 |     6 |       ||    37
 Stab: Confused          |       |       |     2 |       |       |       |    14 |     1 |       ||    17
       Paralysed         |       |       |       |     2 |     4 |     1 |       |       |       ||     7
       Invisible         |       |       |       |     1 |     2 |       |    21 |       |       ||    24
       Distracted        |       |       |       |       |     1 |       |     3 |       |       ||     4
       Fleeing           |       |       |       |       |       |     1 |     1 |     3 |     1 ||     6
       Held in net/web   |       |       |       |       |       |       |       |     1 |       ||     1

Table legend:
 A = Turns spent in this place as a percentage of turns spent in the entire game.
 B = Non-inter-level travel turns spent in this place as a percentage of non-inter-level travel turns spent in the entire game.
 C = Inter-level travel turns spent in this place as a percentage of turns spent in this place.
 D = Turns resting spent in this place as a percentage of non-inter-level travel turns spent in this place.
 E = Turns spent auto-exploring this place as a percentage of non-inter-level travel turns spent in this place.
 F = Non-inter-level travel turns spent in this place divided by the number of levels of this place that you've seen.
                   A       B       C       D       E      F
               +-------+-------+-------+-------+-------+----------------------
         Total | 100.0 | 100.0 |   0.8 |   1.3 |   3.6 | 376.3
       Dungeon |  52.7 |  52.6 |   1.0 |   1.6 |   4.5 | 454.9
  Orcish Mines |   5.4 |   5.4 |   1.2 |   0.0 |   8.4 | 313.8
   Elven Halls |   1.1 |   1.1 |   0.0 |   0.8 |   2.0 | 127.5
          Lair |  11.1 |  11.1 |   0.8 |   0.9 |   5.0 | 323.8
    Slime Pits |   3.0 |   3.0 |   0.4 |   0.6 |   0.0 | 115.7
        Vaults |  11.8 |  11.8 |   0.4 |   1.2 |   1.7 | 551.0
          Hell |   1.2 |   1.2 |   0.0 |   1.4 |   0.0 | 285.0
           Zot |   6.6 |   6.6 |   1.0 |   1.9 |   0.0 | 309.6
         Abyss |   7.1 |   7.1 |   0.0 |   0.7 |   0.4 | 416.0
               +-------+-------+-------+-------+-------+----------------------

Table legend:
 A = Kills in this place as a percentage of kills in entire the game.
 B = Kills by you in this place as a percentage of kills by you in the entire game.
 C = Kills by friends in this place as a percentage of kills by friends in the entire game.
 D = Other kills in this place as a percentage of other kills in the entire game.
 E = Experience gained in this place as a percentage of experience gained in the entire game.
 F = Experience gained in this place divided by the number of levels of this place that you have seen.
                   A       B       C       D       E      F
               +-------+-------+-------+-------+-------+----------------------
         Total | 100.0 | 100.0 | 100.0 | 100.0 | 100.0 | 14382.9
       Dungeon |  54.1 |  54.6 |  45.2 |  28.6 |  40.7 | 13439.3
  Orcish Mines |   9.1 |   9.5 |   0.0 |   7.1 |   1.2 | 2596.2
   Elven Halls |   0.3 |   0.3 |   0.0 |   0.0 |   0.2 | 921.5
          Lair |  11.1 |  11.3 |   4.8 |  14.3 |   3.3 | 3669.1
    Slime Pits |   1.8 |   0.2 |  46.8 |   7.1 |   1.4 | 2009.2
        Vaults |  11.5 |  11.7 |   3.2 |  28.6 |  19.6 | 34965.4
          Hell |   1.2 |   1.2 |   0.0 |   0.0 |   2.2 | 19877.0
           Zot |   4.3 |   4.4 |   0.0 |  14.3 |  26.7 | 47610.4
         Abyss |   6.5 |   6.8 |   0.0 |   0.0 |   4.8 | 10622.0
               +-------+-------+-------+-------+-------+----------------------

Vault maps used:
D:1:      dpeg_entry_rhombi
D:2:      lemuel_doored_altar, baited_tele_trap
D:3:      first_bread, serial_bayou_pond_e
D:4:      patterned_corridor
D:5:      temple_green, enter_shallow_ziggurat_c
D:6:      lemuel_slime, overflow_temple_1_default, old_standard_altar,
          roderic_batcave
D:8:      gammafunk_temple_overflow_statue, orc_0_dummy, uniq_grum
D:9:      lemuel_mausoleum_altar_kikubaaqudgha, tso_oasis_becter, serial_shops,
          shop_scrolls, uniq_duvessa, uniq_edmund
D:10:     lightli_elemental_guards
D:11:     lair_0_dummy, grunt_ministairs_4, treasure_zot_lemuel
D:13:     basic_altar, fedhas_altar_1
D:14:     the_bakery
D:15:     grunt_decor_arrowhead, uniq_fannar, uniq_azrael, uniq_urug
D:16:     nrook_pool_corridor, minmay_statue_crystal_thing, uniq_sonja
D:17:     basic_altar, cheibriados_altar_1
D:18:     minmay_misc_feat_x
D:19:     vaults_0_dummy, serial_sigils_hangedman_gut, basic_altar, uniq_rupert
D:20:     infiniplex_staircase_pool_1
D:21:     pan_entry, hell_entry, abyss_entry, minmay_misc_feat_roman,
          hangedman_decor_growths, rand_demon_pan_entry_4
D:22:     abyss_entry, hell_entry, hangedman_decor_lopped
D:23:     hell_entry, uniq_sojobo, uniq_margery
D:24:     hangedman_pleasuredromes, abyss_entry, serial_aquarium, pan_entry,
          hell_entry
D:25:     abyss_entry, hell_entry, uniq_wiglaf
D:26:     hangedman_cross_stitches, minmay_stone_trees_small, hell_entry,
          uniq_saint_roka
D:27:     grunt_zot_entry_bicorn, hell_entry, serial_bayou_pond_a, enter_trove_2
Orc:1:    serial_shops, shop_statue, shop, shop_coins, shop,
          nicolae_orc_accident_1
Orc:3:    uniq_harold
Orc:4:    basic_altar, serial_shops, shop, lab_entry_generic, st_orc_rangers,
          nicolae_orc_crystal_geode, uniq_joseph, uniq_maurice
Elf:1:    serial_teleporters_passwall_3
Elf:2:    serial_shops, bzr_entry_dummy, mu_enter_wizlab_1, dpeg_oklob_gauntlet
Lair:2:   basic_altar, serial_bayou_pond_e
Lair:3:   serial_bayou_pond_b, guppyfry_mini_stream
Lair:4:   serial_bayou, serial_bayou_pond_d, serial_bayou_lagoon_b,
          serial_bayou_shore_b, serial_bayou_pond_a, serial_bayou_shore_b
Lair:5:   guppyfry_snake_entry_garden
Lair:6:   minmay_shoals_entry_centaurs, minmay_slime_entry_eyes, basic_altar,
          statuecave_lemuel
Lair:8:   wormcave, hangedman_lair_in_review, zaba_antful_of_joy
Slime:1:  nicolae_slime_spiny_worm_infestation
Vaults:1: ontoclasm_vaults_fault, vaults_room_hangedman_quadrants,
          ontoclasm_vaults_tryst, vaults_mumra_lcd,
          nicolae_vaults_ring_of_whatevers, hangedman_vaults_snaps,
          vaults_room_ringed_pool
Vaults:2: ontoclasm_vaults_shuriken, v_alt_pattern_2, v_misc_30,
          v_alt_pattern_1, vaults_room_stairs_pillars, nicolae_vaults_alarming,
          vaults_room_semicircle, vaults_dpeg_diagonal,
          vaults_room_stairs_pillars, ontoclasm_vaults_twist, serial_shops, shop
Vaults:3: nicolae_vaults_what_the_h, grunt_forest_entry_clearing, v_pattern_4,
          v_misc_25, dpeg_vaults_monster_row, nicolae_vaults_asterisk,
          vaults_room_fours, nicolae_vaults_mini_display_case, v_misc_2,
          basic_altar
Vaults:4: vaults_dpeg_spiral, grunt_vaults_hallway_long,
          hangedman_vaults_hard_town_square, vaults_room_door_ring,
          nicolae_vaults_blade_hurt_lockers, hangedman_vaults_stitches,
          ontoclasm_vaults_chip, ontoclasm_vaults_loading_screen, v_misc_11,
          ontoclasm_vaults_chip, v_misc_25, ontoclasm_vaults_spin,
          nicolae_vaults_little_squares_3, v_misc_12
Vaults:5: serial_shops
Zot:1:    uniq_tiamat
Zot:2:    st_small_dragon_hoard_4, nicolae_zot_crop_circle
Zot:3:    lemuel_zot_downstairs
Abyss:3:  evilmike_abyss_exit_15, bh_abyss_negative_3, hangedman_decor_points
Abyss:4:  grunt_abyss_rune_the_horror

Action                   |  1- 3 |  4- 6 |  7- 9 | 10-12 | 13-15 | 16-18 | 19-21 | 22-24 | 25-27 || total
-------------------------+-------+-------+-------+-------+-------+-------+-------+-------+-------++-------
Melee: Short sword       |    81 |    18 |       |       |       |       |       |       |       ||    99
       Hand axe          |       |    75 |   170 |       |       |       |       |       |       ||   245
       Mace              |       |       |   127 |   212 |       |       |       |       |       ||   339
       Flail             |       |       |       |   155 |       |       |       |       |       ||   155
       Dire flail        |       |       |       |   466 |   929 |  1107 |  1637 |   892 |       ||  5031
       Morningstar       |       |       |       |       |       |       |       |   102 |       ||   102
       Bardiche          |       |       |       |       |       |       |       |   362 |   108 ||   470
Throw: Tomahawk          |       |       |       |     2 |     1 |       |       |       |       ||     3
 Cast: Apportation       |       |       |       |       |       |    37 |       |       |       ||    37
Invok: Draw One          |       |       |       |       |    15 |    18 |       |       |       ||    33
       Deal Four         |       |       |       |       |       |     3 |       |       |       ||     3
       Request Jelly     |       |       |       |       |       |    16 |    21 |    24 |     5 ||    66
       Jelly Paralyse    |       |       |       |       |       |     7 |     1 |     2 |       ||    10
       Cure Bad Mutation |       |       |       |       |       |     6 |     2 |     1 |       ||     9
       Slimify           |       |       |       |       |       |       |     3 |     5 |     1 ||     9
 Abil: Fly               |       |       |       |       |     1 |       |     2 |       |       ||     3
       End Transformatio |       |       |       |       |       |     1 |       |       |       ||     1
       Stop Flying       |       |       |       |       |       |       |     2 |       |       ||     2
Evoke: Wand              |     6 |    26 |    16 |    38 |    33 |    10 |    42 |     8 |     3 ||   182
       Deck              |       |       |       |     1 |    49 |    67 |       |     1 |       ||   118
       Miscellaneous     |       |       |       |       |       |     1 |     7 |     4 |       ||    12
  Use: Scroll            |     4 |     6 |     8 |    22 |    19 |    24 |    10 |    18 |     1 ||   112
       Potion            |     2 |     2 |     2 |     7 |     8 |     5 |     5 |     6 |       ||    37
 Stab: Confused          |       |       |     2 |       |       |       |    14 |     1 |       ||    17
       Paralysed         |       |       |       |     2 |     4 |     1 |       |       |       ||     7
       Invisible         |       |       |       |     1 |     2 |       |    21 |       |       ||    24
       Distracted        |       |       |       |       |     1 |       |     3 |       |       ||     4
       Fleeing           |       |       |       |       |       |     1 |     1 |     3 |     1 ||     6
       Held in net/web   |       |       |       |       |       |       |       |     1 |       ||     1
